 Dungeon Crawl Stone Soup version 0.19-a0-1732-g0b18a7b (webtiles) character file.

668 4thArraOfDagon the Grappler (level 7, 0/66 HPs)
             Began as a Troll Monk on Sept 30, 2016.
             Succumbed to a killer bee's poison
             ... on level 6 of the Dungeon.
             The game lasted 00:04:51 (1137 turns).

4thArraOfDagon the Grappler (Troll Monk)            Turns: 1137, Time: 00:04:52

Health: 0/66       AC:  8    Str: 20    XL:     7   Next: 32%
Magic:  6/6        EV: 10    Int:  8    God:
Gold:   54         SH:  0    Dex:  9    Spells: 0 memorised, 6 levels left

rFire  . . .     SeeInvis .       - Unarmed
rCold  . . .     Gourm    +     a - +0 robe
rNeg   . . .     Faith    .     (no shield)
rPois  .         Spirit   .     (helmet restricted)
rElec  .         Dismiss  .     (no cloak)
rCorr  .         Reflect  .     (gloves unavailable)
MR     .....     Harm     .     (boots unavailable)
Stlth  +.........               (no amulet)
                                j - +3 ring of protection
                                k - -3 ring of dexterity (curse)

@: lethally poisoned (0 -> 0), exhausted, slowed, very slow
A: unfitting armour, claws 3, fast metabolism 3, gourmand, regeneration 1,
shaggy fur 1, tough skin 2
a: no special abilities


You were on level 6 of the Dungeon.
You were not hungry.

You visited 1 branch of the dungeon, and saw 7 of its levels.

You collected 54 gold pieces.

Inventory:

Armour
 a - a +0 robe (worn)
Jewellery
 i - an uncursed ring of resist corrosion
 j - a +3 ring of protection (right claw)
 k - a cursed -3 ring of dexterity (left claw)
Wands
 g - a wand of teleportation (1/9)
Scrolls
 d - a scroll of blinking
Books
 c - a book of Misfortune

   Spells                             Type                      Level
   a - Confusing Touch                Hexes                        1
   b - Confuse                        Hexes                        3
   c - Gell's Gravitas                Hexes/Translocation          3
   d - Petrify                        Transmutation/Earth          4
   e - Metabolic Englaciation         Hexes/Ice                    5
   f - Yara's Violent Unravelling     Hexes/Transmutation          5
Comestibles
 b - 4 bread rations
 h - 2 meat rations


   Skills:
 - Level 2.4 Fighting
 - Level 2.4 Dodging
 - Level 1.1 Stealth
 * Level 8.6 Unarmed Combat


You had 6 spell levels left.
You didn't know any spells.

Dungeon Overview and Level Annotations

Branches:
Dungeon (7/15)
 Temple: D:4-7

Altars:

Shops:
D:7 (


Innate Abilities, Weirdness & Mutations

You are too large for most types of armour.
You have claws for hands.
Your metabolism is lightning-fast.
You like to eat raw meat.
Your natural rate of healing is unusually fast.
You are covered in fur. (AC +1)
You have very tough skin. (AC +2)


Message History

You feel sick.
Unknown command.
* * * LOW HITPOINT WARNING * * *
You feel sick.
Unknown command.
* * * LOW HITPOINT WARNING * * *
You feel sick.
You see here a scroll of blinking.
Unknown command.
d - a scroll of blinking
* * * LOW HITPOINT WARNING * * *
You feel sick.
* * * LOW HITPOINT WARNING * * *
You feel sick.
Unknown command.
Unknown command.
* * * LOW HITPOINT WARNING * * *
You feel sick.
Unknown command.
You die...

#.# .... #. #.#
..... ###. #.#
#.... #.'.
#######.###... #.#.
#.......%...# #.#.
#...........# # #.
#...........# #.
#....$......# #.
#....@......# #.
#...........#######
#.
#...........>.....#
##
#..........)#####.#
+...........#
#...........#
#.########### #.


There were no monsters in sight!

Vanquished Creatures
  An ice beast (D:5)
  An ogre (D:4)
  A centaur (D:7)
  A bullfrog (D:7)
  A scorpion (D:4)
  3 killer bees
  A crimson imp (D:5)
  A bullfrog zombie (D:5)
  A quasit (D:6)
  An iguana (D:6)
  A howler monkey skeleton (D:7)
  2 adders
  An adder zombie (D:5)
  A worm (D:5)
  2 leopard geckos
  4 orcs
  A giant cockroach (D:6)
  A hobgoblin (D:2)
  A quokka (D:6)
  2 kobolds
  2 rats
30 creatures vanquished.

Notes
Turn   | Place    | Note
-------+----------+-------------------------------------------
     0 | D:1      | 4thArraOfDagon the Troll Monk began the quest for the Orb.
     0 | D:1      | Reached XP level 1. HP: 22/22 MP: 0/0
   119 | D:3      | Reached XP level 2. HP: 19/29 MP: 1/1
   210 | D:4      | Noticed a scorpion
   252 | D:4      | Noticed an ogre
   266 | D:4      | Killed an ogre
   266 | D:4      | Reached skill level 5 in Unarmed Combat
   266 | D:4      | Reached XP level 3. HP: 36/36 MP: 2/2
   266 | D:4      | Reached XP level 4. HP: 44/44 MP: 3/3
   299 | D:5      | Entered Level 5 of the Dungeon
   314 | D:5      | Reached XP level 5. HP: 42/50 MP: 4/4
   332 | D:5      | Reached skill level 6 in Unarmed Combat
   426 | D:5      | Noticed an ice beast
   439 | D:5      | Killed an ice beast
   439 | D:5      | Reached skill level 7 in Unarmed Combat
   439 | D:5      | Reached XP level 6. HP: 16/59 MP: 5/5
   840 | D:7      | Found Faiza's Antique Weapon Emporium.
   930 | D:7      | Reached skill level 8 in Unarmed Combat
   930 | D:7      | Reached XP level 7. HP: 22/66 MP: 6/6
  1126 | D:6      | HP: 1/66 [poisoned by a killer bee]
  1133 | D:6      | HP: 3/66 [poisoned by a killer bee]
  1136 | D:6      | HP: 1/66 [poisoned by a killer bee]
  1137 | D:6      | Succumbed to a killer bee's poison

Vault maps used:
D:1:      minmay_arrival_up_and_down, minmay_tree_intersection
D:2:      nicolae_dithmenos_through_a_glass_darkly, uniq_natasha
D:3:      first_bread
D:4:      gup_sewer_entry_bubbles, uniq_robin
D:7:      serial_shops, shop, sigmund_edmund_badplayer, uniq_pikel

Skill      XL: |  1  2  3  4  5  6 |
---------------+-------------------+-----
Unarmed Combat | 5 7 8 |  8.6
Fighting       | |  2.4
Dodging        | |  2.4
Stealth        | |  1.1

Action                   |  1- 3 |  4- 6 |  7- 9 || total
-------------------------+-------+-------+-------++-------
Melee: Unarmed           |    22 |    77 |    34 ||   133
       Punch             |       |     1 |       ||     1
Evoke: Wand              |       |       |     1 ||     1
  Use: Scroll            |     2 |     4 |       ||     6
       Potion            |       |     1 |     2 ||     3
 Stab: Invisible         |       |     2 |       ||     2
       Sleeping          |       |       |     1 ||     1
  Eat: Chunk             |       |     3 |     2 ||     5
       Fruit             |       |     1 |     3 ||     4
Armor: Robe              |     6 |    22 |    18 ||    46
Dodge: Dodged            |    13 |    41 |    19 ||    73
